 Dungeon Crawl Stone Soup version 0.25.1-2-g60ff931df9 (webtiles) character file.

Game seed: 557829492127281075

90264 KyoPewz the Fencer (level 15, 0/120 HPs)
             Began as a Demonspawn Gladiator on Nov 18, 2020.
             Was a High Priest of Qazlal.
             Killed from afar by a nagaraja (8 damage)
             ... with a bolt of poison
             ... on level 1 of the Snake Pit.
             The game lasted 02:16:58 (31257 turns).

KyoPewz the Fencer (Demonspawn Gladiator)          Turns: 31257, Time: 02:16:59

Health: 0/120      AC: 26    Str: 19    XL:     15   Next: 51%
Magic:  0/33       EV:  7    Int: 14    God:    Qazlal [*****.]
Gold:   2425       SH:  7    Dex: 15    Spells: 14/14 levels left

rFire    + . .     SeeInvis .   b - +4 triple sword (vamp) {!w}
rCold    + . .     Gourm    .   (shield currently unavailable)
rNeg     . . .     Faith    .   W - +1 chain mail {rF+}
rPois    .         Spirit   +   Z - +2 helmet {Int+3}
rElec    .         Reflect  .   c - +0 cloak
rCorr    .         Harm     .   f - +0 pair of gloves
MR       +....                  X - +0 pair of boots
Stlth    ..........             B - amulet of magic regeneration
HPRegen  0.30/turn              o - ring of protection from cold
MPRegen  0.71/turn              V - ring of magical power

@: lethally poisoned (0 -> -28), protected from physical damage, constricted,
repel missiles
A: talons 2, icy blue scales 2, demonic guardian 1, magic shield, magic
regeneration, magic link
a: Upheaval, Elemental Force, Disaster Area, Renounce Religion


You were on level 1 of the Snake Pit.
You worshipped Qazlal.
Qazlal was extremely pleased with you.
You were not hungry.

You visited 5 branches of the dungeon, and saw 23 of its levels.
You also visited: Gauntlet and Volcano.

You collected 2611 gold pieces.
You spent 186 gold pieces at shops.

Inventory:

Hand Weapons
 a - a +0 great sword of flaming
   (You found it in a volcano)
 b - a +4 vampiric triple sword (weapon) {!w}
   (You acquired it on level 9 of the Dungeon)
 T - the +7 dagger "Qaefonk" {flame, rPois rN+ Dex-5}
   (You found it on level 6 of the Lair of Beasts)

   It has been specially enchanted to burn those struck by it, causing extra
   injury to most foes and up to half again as much damage against particularly
   susceptible opponents.
   It affects your dexterity (-5).
   It protects you from poison.
   It protects you from negative energy.
Missiles
 p - 4 throwing nets {!f}
 y - 4 silver javelins
 E - 31 javelins (quivered)
Armour
 c - a +0 cloak (worn)
   (You took it off Maurice on level 8 of the Dungeon)
 f - a +0 pair of gloves (worn)
   (You found it on level 4 of the Dungeon)
 z - a +1 plate armour
   (You took it off an orc warrior on level 2 of the Dungeon)
 W - a +1 chain mail of fire resistance (worn)
   (You found it on level 1 of the Lair of Beasts)
 X - a +0 pair of boots (worn)
   (You found it on level 3 of the Lair of Beasts)
 Z - a +2 helmet of intelligence (worn)
   (You found it on level 9 of the Dungeon)
Jewellery
 m - an uncursed ring of resist corrosion
   (You took it off a minotaur in a Gauntlet)
 o - a ring of protection from cold (left hand)
   (You found it on level 1 of the Lair of Beasts)
 B - an amulet of magic regeneration (around neck)
   (You found it on level 11 of the Dungeon)
 V - a ring of magical power (right hand)
   (You found it on level 10 of the Dungeon)
Wands
 d - a wand of iceblast (9)
   (You found it on level 8 of the Dungeon)
 h - a wand of clouds (13)
   (You found it on level 5 of the Dungeon)
 v - a wand of digging (6)
   (You took it off Maurice on level 8 of the Dungeon)
 x - a wand of acid (20)
   (You found it on level 6 of the Dungeon)
Scrolls
 i - 7 scrolls of remove curse {@r2}
 r - 3 scrolls of magic mapping
 F - 3 scrolls of immolation {!r}
 G - 6 scrolls of blinking
 K - a scroll of identify {@r1}
 L - a scroll of brand weapon
 N - a scroll of enchant armour
 O - 4 scrolls of summoning
 P - 4 scrolls of fog
 R - 2 scrolls of fear
 S - 9 scrolls of teleportation {@r4}
Potions
 j - a potion of heal wounds {@q2}
 k - a potion of cancellation
 l - 2 potions of haste {@q3}
 n - a potion of magic
 A - 8 potions of curing {@q1}
 C - 2 potions of might
 D - a potion of lignification {!q}
 H - 4 potions of stabbing
 I - 3 potions of invisibility
 J - 3 potions of flight
 Q - 3 potions of berserk rage
 Y - a potion of mutation {!q}
Miscellaneous
 U - a phantom mirror
Comestibles
 e - 20 rations {!d}


   Skills:
 + Level 11.9 Fighting
 - Level 18.0 Long Blades
 - Level 2.0 Throwing
 + Level 10.8 Armour
 + Level 3.7 Dodging
 - Level 12.0 Invocations


You had 14 spell levels left.
You didn't know any spells.
Your spell library contained the following spells:

 Spells                   Type           Power        Failure   Level  Hunger
 Animate Skeleton         Necr           N/A          91%         1    ##.....
 Apportation              Tloc           #.....       91%         1    ##.....
 Beastly Appendage        Tmut           #.....       91%         1    ##.....
 Corona                   Hex            #......      91%         1    ##.....
 Foxfire                  Conj/Fire      #...         91%         1    ##.....
 Freeze                   Ice            #...         91%         1    ##.....
 Sandblast                Erth           #.....       91%         1    ##.....
 Shock                    Conj/Air       #...         91%         1    ##.....
 Sting                    Tmut/Pois      #...         91%         1    ##.....
 Summon Butterflies       Summ           #.......     91%         1    ##.....
 Summon Small Mammal      Summ           #...         91%         1    ##.....
 Blink                    Tloc           N/A          97%         2    ###....
 Poisonous Vapours        Pois/Air       #.....       97%         2    ###....
 Shroud of Golubria       Chrm/Tloc      #.....       97%         2    ###....
 Slow                     Hex            #.......     97%         2    ###....
 Sticks to Snakes         Tmut           #.......     97%         2    ###....
 Confusing Touch          Hex            #.......     99%         3    ####...
 Dazzling Flash           Conj/Hex       #.....       99%         3    ####...
 Gell's Gravitas          Tloc           #.........   99%         3    ####...
 Ignite Poison            Fire/Tmut/Pois #.......     99%         3    ####...
 Inner Flame              Hex/Fire       #.......     99%         3    ####...
 Lesser Beckoning         Tloc           #.........   99%         3    ####...
 Mephitic Cloud           Conj/Pois/Air  #.......     99%         3    ####...
 Portal Projectile        Hex/Tloc       #.....       99%         3    ####...
 Recall                   Summ/Tloc      N/A          99%         3    ####...
 Spider Form              Tmut/Pois      #.........   99%         3    ####...
 Static Discharge         Conj/Air       #.......     99%         3    ####...
 Teleport Other           Tloc           #.......     99%         3    ####...
 Tukima's Dance           Hex            #.......     99%         3    ####...
 Airstrike                Air            #.........   100%        4    #####..
 Animate Dead             Necr           N/A          100%        4    #####..
 Cause Fear               Hex            #.........   100%        4    #####..
 Ice Form                 Ice/Tmut       #.......     100%        4    #####..
 Leda's Liquefaction      Hex/Erth       #.........   100%        4    #####..
 Olgreb's Toxic Radiance  Pois           #.......     100%        4    #####..
 Passage of Golubria      Tloc           N/A          100%        4    #####..
 Petrify                  Tmut/Erth      #.......     100%        4    #####..
 Alistair's Intoxication  Tmut/Pois      #.......     100%        5    ######.
 Blade Hands              Tmut           #.........   100%        5    ######.
 Bolt of Magma            Conj/Fire/Erth #.........   100%        5    ######.
 Borgnjor's Vile Clutch   Necr/Erth      #.........   100%        5    ######.
 Lightning Bolt           Conj/Air       #.........   100%        5    ######.
 Metabolic Englaciation   Hex/Ice        #.........   100%        5    ######.
 Yara's Violent Unravell  Hex/Tmut       #.........   100%        5    ######.
 Death Channel            Necr           #.........   100%        6    #######
 Invisibility             Hex            #.......     100%        6    #######
 Iron Shot                Conj/Erth      #.........   100%        6    #######
 Simulacrum               Ice/Necr       #.........   100%        6    #######
 Ignition                 Fire           #.........   100%        8    #######
 Shatter                  Erth           #.........   100%        9    #######
 Tornado                  Air            #.........   100%        9    #######


Dungeon Overview and Level Annotations

Branches:
Dungeon (13/15)            Temple (1/1) D:5            Lair (6/6) D:8
 Shoals (0/4) Lair:2        Snake (1/4) Lair:2        Slime (0/5) Lair:5
    Orc (2/2) D:11            Elf (0/3) Orc:2       Volcano (visited)
Gauntlet (visited)
 Vaults: D:13-14

Altars:
Ashenzari
Cheibriados
Dithmenos
Elyvilon
Fedhas
Gozag
Hepliaklqana
Kikubaaqudgha
Makhleb
Nemelex Xobeh
Okawaru
Qazlal
Ru
Sif Muna
Trog
Uskayaw
Vehumet
Wu Jian
Xom
Yredelemnul
Zin
The Shining One
Beogh

Shops:
D:9 ?   Orc:2 *?[:(

Annotations:
D:5 1 runed translucent door


Innate Abilities, Weirdness & Mutations

You have razor-sharp toenails.
You are mostly covered in icy blue scales. (AC +3)
A weak demonic guardian rushes to your aid.
When hurt, damage is shared between your health and your magic reserves.
You regenerate magic rapidly.
When low on magic, you restore magic in place of health.


Message History

The anaconda constricts your salamander.
Your salamander dies!
Your salamander's corpse dissolves into shadows!
The nagaraja gestures at you while chanting.
The poison arrow hits your naga warrior!!
Your naga warrior partially resists.
Your naga warrior is poisoned.
The nagaraja constricts your naga warrior.
Your iron imp hits the black mamba but does no damage.
The black mamba closely misses you.
You barely miss the black mamba.
Your black mamba is engulfed in freezing vapours.
You kill your black mamba!
Your black mamba's corpse dissolves into shadows!
The nagaraja points at you and mumbles some strange words.
The bolt of poison hits your naga warrior!
The bolt of poison hits you!!
You are poisoned.
* * * LOW HITPOINT WARNING * * *
The nagaraja constricts your naga warrior.
The black mamba barely misses you.
You riposte.
Your chain mail prevents you from hitting the black mamba.
Your naga warrior spits poison at the nagaraja.
The splash of poison hits the nagaraja.
The nagaraja completely resists.
Your naga warrior constricts the nagaraja.
The anaconda grabs you. The anaconda bites you.
* * * LOW HITPOINT WARNING * * *
Your resistance to electricity fades away.
You feel protected from physical attacks.
The anaconda constricts you.
Your iron imp barely misses the black mamba.
You feel much better.
You feel sick.
The black mamba bites you but does no damage.
The nagaraja hits your naga warrior with a +0 whip.
The nagaraja constricts your naga warrior.
The anaconda bites you.
* * * LOW HITPOINT WARNING * * *
The anaconda constricts you.
Your naga warrior hits the nagaraja with a +0 battleaxe!
Your naga warrior barely misses the anaconda.
Your naga warrior constricts the nagaraja.
Your iron imp completely misses the nagaraja.
The black mamba bites you!
* * * LOW HITPOINT WARNING * * *
The nagaraja casts a spell at you.
The bolt of poison hits your naga warrior.
Your naga warrior dies!
Your naga warrior's corpse dissolves into shadows!
The bolt of poison hits you!
You are more poisoned.
You die...

...............................
...[...........................
...........................###
..........................###
.........................####
............/........N...####
..............○○.5...N...##S##.##
..............☼.§S☼......†.≈..≈..
.....)..........@S.)..†..##)##.##
###............°.........####
##............§.5N......##
#.##....................##
####....................##
##.....................##
#.........[............##
#.......................##
#.#...................


You could see a naga warrior, a nagaraja (fast), an anaconda (very poisoned), a
black mamba, a naga and 2 friendly iron imps.

Vanquished Creatures
  Rupert (Orc:1)
  The ghost of cada the Brawler, a journeyman TrMo of Cheibriados (Lair:6)
  Nessos (D:12)
  A dire elephant (Lair:1)
  A minotaur (Gauntlet)
  A fire dragon (Volcano)
  Erolcha (D:10)
  8 hydras
  2 catoblepae
  A hell beast (Gauntlet)
  2 centaur warriors (Orc:2)
  3 naga warriors
  3 anacondas
  6 two-headed ogres
  15 death yaks
  Sonja (Lair:4)
  A salamander mystic (Snake:1)
  Nergalle (Lair:2)
  2 wizards (D:11)
  A naga ritualist (Snake:1)
  3 lindwurms
  2 mana vipers
  2 orc sorcerers
  A deep elf mage (D:9)
  A manticore (D:12)
  An orc knight (Orc:2)
  5 salamanders
  An ugly thing (D:12)
  2 oklob plants
  2 merfolk sirens (Lair:2)
  11 elephants
  A cyclops (D:12)
  6 black mambas
  Maurice (D:8)
  4 naga magi (Snake:1)
  10 spiny frogs
  Joseph (D:7)
  3 komodo dragons
  3 rime drakes
  A merfolk (Lair:2)
  3 trolls
  2 polar bears
  7 dream sheep
  2 slime creatures (Lair:5)
  6 blink frogs
  10 hippogriffs
  15 flying skulls
  2 shadows
  A vampire (D:10)
  A redback (shapeshifter) (D:8)
  24 yaks
  5 fire bats (Volcano)
  A spriggan (D:10)
  6 wyverns
  2 fire elementals
  2 hungry ghosts
  2 vampire mosquitoes (D:12)
  2 wargs
  3 basilisks
  3 steam dragons (Volcano)
  9 nagas
  A soldier ant (D:12)
  5 water moccasins
  A hell hound (Gauntlet)
  Duvessa (D:6)
  8 porcupines
  35 orc warriors
  5 sky beasts
  2 black bears
  A swamp drake (D:8)
  4 ice beasts
  A phantom (D:3)
  3 necrophages
  13 wolves
  15 ogres
  15 crocodiles
  17 centaurs
  A big kobold (D:9)
  18 bullfrogs
  Dowan (D:6)
  A wyvern skeleton (D:11)
  4 scorpions
  5 killer bees
  2 wights (D:13)
  An electric eel (Lair:1)
  A lava snake (Lair:2)
  5 howler monkeys
  6 crimson imps
  5 jellies
  A bullfrog zombie (D:12)
  7 hounds
  21 orc wizards
  16 orc priests
  4 bullfrog skeletons
  A centaur skeleton (D:7)
  Ijyb (D:5)
  10 worker ants
  5 iguanas
  A hound skeleton (D:5)
  2 worker ant zombies
  2 gnolls (D:6)
  7 adders
  2 shadow imps
  An ooze (D:3)
  3 adder skeletons
  3 worms
  2 dart slugs (D:2)
  11 leopard geckos
  80 orcs
  4 giant cockroaches
  8 goblins
  6 hobgoblins
  10 jackals
  12 kobolds
  10 quokkas
  2 ball pythons
  7 bats
  8 frilled lizards
  A jackal zombie (D:5)
  6 rats
  A butterfly (Lair:5)
  3 plants
657 creatures vanquished.

Vanquished Creatures (collateral kills)
  A hydra (Lair:6)
  A deep troll shaman (Lair:6)
  A shock serpent (Snake:1)
  Pikel (D:3)
  2 black mambas
  An elephant (Lair:6)
  Maggie (D:7)
  A rime drake (Lair:5)
  A merfolk (Lair:2)
  2 dream sheep
  2 hippogriffs
  A yak (Lair:1)
  A wraith (D:12)
  2 water moccasins (Lair:6)
  An orc warrior (Orc:2)
  A sky beast (D:6)
  An ogre (D:6)
  A centaur (D:13)
  4 bullfrogs
  A scorpion (D:6)
  A gnoll shaman (D:6)
  2 orc wizards
  An orc priest (D:6)
  A gnoll (D:6)
  A wandering mushroom (Lair:2)
  6 orcs
39 creatures vanquished.

Vanquished Creatures (others)
  A black mamba (Snake:1)
  5 wyverns (Volcano)
  A steam dragon (Volcano)
  A crocodile (Lair:6)
  A hound (D:4)
  An orc priest (Orc:2)
  A centaur skeleton (D:4)
  An adder (D:4)
  2 worms (D:4)
  2 orcs
  26 fungi
  44 plants
  6 toadstools (Lair:1)
92 creatures vanquished.

Grand Total: 788 creatures vanquished

Notes
Turn   | Place    | Note
-------+----------+-------------------------------------------
     0 | D:1      | KyoPewz the Demonspawn Gladiator began the quest for the
                  | Orb.
     0 | D:1      | Reached XP level 1. HP: 16/16 MP: 1/1
   111 | D:1      | Gained mutation: When hurt, damage is shared between your
                  | health and your magic reserves. [demonic ancestry]
   111 | D:1      | Reached XP level 2. HP: 11/22 MP: 2/2
   350 | D:1      | Found a glowing golden altar of the Shining One.
   732 | D:1      | Reached skill level 3 in Long Blades
  1211 | D:1      | Reached XP level 3. HP: 27/27 MP: 3/3
  2029 | D:2      | Reached skill level 4 in Long Blades
  2527 | D:3      | Noticed a phantom
  2543 | D:2      | Gained mutation: You have sharp toenails. [demonic
                  | ancestry]
  2543 | D:2      | Reached XP level 4. HP: 33/33 MP: 4/4
  2739 | D:3      | Noticed a bullfrog
  2746 | D:3      | Killed a phantom
  2746 | D:3      | Reached skill level 5 in Long Blades
  2746 | D:3      | Gained mutation: A weak demonic guardian rushes to your
                  | aid. [demonic ancestry]
  2746 | D:3      | Reached XP level 5. HP: 18/38 MP: 3/5
  3298 | D:3      | Noticed an orc warrior
  3591 | D:2      | Killed an orc warrior
  3591 | D:2      | Reached skill level 6 in Long Blades
  3591 | D:2      | Gained mutation: You regenerate magic rapidly. [demonic
                  | ancestry]
  3591 | D:2      | Reached XP level 6. HP: 12/44 MP: 2/6
  4466 | D:4      | Noticed a slave
  4466 | D:4      | Noticed Pikel
  4468 | D:4      | Noticed a slave
  4471 | D:4      | Noticed a slave
  4484 | D:3      | Killed Pikel
  4484 | D:3      | Reached skill level 8 in Long Blades
  4484 | D:3      | Gained mutation: You are partially covered in icy blue
                  | scales. (AC +2) [demonic ancestry]
  4484 | D:3      | Reached XP level 7. HP: 44/50 MP: 5/7
  4634 | D:4      | Found a sacrificial altar of Ru.
  4729 | D:4      | Reached XP level 8. HP: 56/56 MP: 8/8
  4825 | D:4      | You fall into a shaft and drop 2 floors!
  4836 | D:6      | Reached skill level 9 in Long Blades
  5049 | D:5      | Entered Level 5 of the Dungeon
  5049 | D:5      | Found a staircase to the Ecumenical Temple.
  5067 | Temple   | Entered the Ecumenical Temple
  5314 | Temple   | Became a worshipper of Qazlal Stormbringer
  5586 | D:4      | Found a burning altar of Makhleb.
  5596 | D:4      | Identified Thaumaturgy 101
  5606 | D:4      | Noticed a green death
  5610 | D:4      | Noticed a smoke demon
  6128 | D:5      | Noticed Ijyb
  6139 | D:5      | Killed Ijyb
  6139 | D:5      | Reached skill level 1 in Invocations
  6373 | D:5      | Reached skill level 10 in Long Blades
  6428 | D:5      | Found a glowing silver altar of Zin.
  6428 | D:5      | Noticed an angel
  6429 | D:5      | Found a runed translucent door.
  6589 | D:5      | Found a blossoming altar of Fedhas.
  7034 | D:6      | Reached * piety under Qazlal
  7050 | D:6      | Gained mutation: You have razor-sharp toenails. [demonic
                  | ancestry]
  7050 | D:6      | Reached XP level 9. HP: 56/61 MP: 9/12
  7211 | D:6      | Found a snail-covered altar of Cheibriados.
  7239 | D:6      | Noticed Duvessa
  7240 | D:6      | Noticed Dowan
  7241 | D:6      | Reached skill level 5 in Invocations
  7251 | D:6      | Killed Duvessa
  7251 | D:6      | Reached skill level 11 in Long Blades
  7277 | D:6      | Killed Dowan
  7963 | D:7      | Found a shattered altar of Ashenzari.
  7965 | D:7      | Noticed Joseph
  7983 | D:7      | Killed Joseph
  8174 | D:7      | Reached ** piety under Qazlal
  8675 | D:7      | Noticed Maggie
  8690 | D:7      | Killed Maggie
  8926 | D:7      | Reached skill level 12 in Long Blades
  9154 | D:8      | Gained mutation: When low on magic, you restore magic in
                  | place of health. [demonic ancestry]
  9154 | D:8      | Reached XP level 10. HP: 67/67 MP: 15/15
  9612 | D:8      | Noticed Maurice
  9650 | D:8      | Killed Maurice
  9711 | D:8      | Found a staircase to the Lair.
 10890 | D:9      | Noticed a deep elf mage
 10899 | D:9      | Killed a deep elf mage
 10899 | D:9      | Reached skill level 13 in Long Blades
 10961 | D:9      | Found Pyapt's Magic Scroll Boutique.
 10961 | D:9      | Noticed a two-headed ogre
 10972 | D:9      | Killed a two-headed ogre
 11445 | D:9      | Found a glowing silver altar of Zin.
 11752 | D:10     | Entered Level 10 of the Dungeon
 11757 | D:10     | Noticed a two-headed ogre
 11771 | D:10     | Killed a two-headed ogre
 11771 | D:10     | Gained mutation: You are mostly covered in icy blue scales.
                  | (AC +3) [demonic ancestry]
 11771 | D:10     | Reached XP level 11. HP: 72/72 MP: 13/17
 11776 | D:10     | Reached *** piety under Qazlal
 11852 | D:10     | Noticed Erolcha
 11903 | D:10     | Killed Erolcha
 11903 | D:10     | Reached skill level 14 in Long Blades
 11903 | D:10     | Reached skill level 1 in Armour
 12416 | D:9      | Bought a scroll of identify for 32 gold pieces
 12416 | D:9      | Bought a scroll of identify for 32 gold pieces
 12416 | D:9      | Bought a scroll of fog for 32 gold pieces
 12421 | D:9      | Identified a scroll of acquirement
 12422 | D:9      | Acquired a +1 triple sword of protection
 12529 | Lair:1   | Entered Level 1 of the Lair of Beasts
 12778 | Lair:1   | Noticed a lindwurm
 12800 | Lair:1   | Killed a lindwurm
 13168 | Lair:1   | Noticed a dire elephant
 13168 | Lair:1   | Noticed a catoblepas
 13188 | Lair:1   | Found a runed translucent door.
 13227 | Lair:1   | Reached **** piety under Qazlal
 13227 | Lair:1   | Reached skill level 5 in Armour
 13954 | Lair:1   | Reached skill level 5 in Fighting
 14215 | Lair:1   | HP: 1/80 [dire elephant (4)]
 14219 | Lair:1   | Killed a dire elephant
 14288 | Lair:1   | HP: 2/80 [catoblepas (14)]
 14291 | Lair:1   | Killed a catoblepas
 14787 | Lair:2   | Noticed Nergalle
 14809 | Lair:2   | Killed Nergalle
 14809 | Lair:2   | Reached XP level 12. HP: 88/88 MP: 18/18
 14909 | Lair:2   | Found a staircase to the Snake Pit.
 15813 | Lair:2   | Found a staircase to the Shoals.
 15864 | Lair:2   | Noticed an eight-headed hydra
 15877 | Lair:2   | Killed an eight-headed hydra
 17278 | Lair:4   | Noticed Sonja
 17286 | Lair:4   | Killed Sonja
 17381 | Lair:4   | Found a dark tunnel.
 17389 | Volcano  | Entered a volcano
 17660 | Volcano  | Noticed a two-headed ogre
 17702 | Volcano  | Killed a two-headed ogre
 17714 | Volcano  | Reached XP level 13. HP: 29/101 MP: 8/19
 18605 | Volcano  | Noticed a fire dragon
 18632 | Volcano  | Killed a fire dragon
 19277 | Lair:4   | Reached skill level 10 in Fighting
 19454 | Lair:4   | Reached skill level 15 in Long Blades
 19829 | Lair:4   | Got a translucent trident
 19831 | Lair:4   | Identified the +11 trident of the Hierophant {venom, *Rage
                  | Int+4 Dex+4} (You found it on level 4 of the Lair of
                  | Beasts)
 21024 | Lair:5   | Found a staircase to the Slime Pits.
 21359 | Lair:6   | Entered Level 6 of the Lair of Beasts
 21382 | Lair:6   | Reached skill level 16 in Long Blades
 22157 | Lair:6   | Reached XP level 14. HP: 107/110 MP: 20/20
 22212 | Lair:6   | Reached skill level 17 in Long Blades
 22728 | Lair:6   | Found a runed translucent gate.
 22728 | Lair:6   | Noticed cada's ghost (journeyman TrMo)
 22729 | Lair:6   | Found a runed translucent gate.
 22730 | Lair:6   | Found a runed translucent gate.
 22756 | Lair:6   | Killed cada's ghost
 23504 | Lair:6   | Got a smoking dagger
 23514 | Lair:6   | Identified the +7 dagger "Qaefonk" {flame, rPois rN+ Dex-5}
                  | (You found it on level 6 of the Lair of Beasts)
 23518 | Lair:6   | Got a transparent flail
 23916 | D:11     | Reached skill level 18 in Long Blades
 23978 | D:11     | Found a staircase to the Orcish Mines.
 24711 | D:11     | Identified Semilu's Tome of Cold and Conjuration
 24713 | D:11     | Identified Heudghips's Tome of Flight and Flames
 24784 | D:11     | Reached ***** piety under Qazlal
 25298 | D:11     | You fall into a shaft and drop 1 floor!
 25388 | D:12     | Noticed Nessos
 25398 | D:12     | Killed Nessos
 25425 | D:12     | Found a gate leading to a gauntlet.
 25461 | Gauntlet | Entered a Gauntlet
 25461 | Gauntlet | Found a transporter.
 25461 | Gauntlet | Found a transporter.
 25461 | Gauntlet | Found a transporter.
 25560 | Gauntlet | Found a transporter.
 25563 | Gauntlet | Found a transporter.
 25574 | Gauntlet | Found a transporter.
 25579 | Gauntlet | Found a transporter.
 25587 | Gauntlet | Found a transporter.
 25595 | Gauntlet | Found a transporter.
 25612 | Gauntlet | Found a transporter.
 25617 | Gauntlet | Found a transporter.
 25640 | Gauntlet | Found a transporter.
 25780 | Gauntlet | Reached skill level 10 in Invocations
 26138 | Gauntlet | Got a clouded wooden ring
 26153 | Gauntlet | Identified the cursed ring of Conehuf {AC-4 Int+4 Dex+4}
                  | (You found it in a Gauntlet)
 26191 | Gauntlet | Identified the +9 rapier of the Known World {vorpal, +Rage}
 27116 | D:12     | Found a radiant altar of Vehumet.
 28042 | D:13     | Reached skill level 10 in Armour
 28073 | Orc:1    | Entered Level 1 of the Orcish Mines
 28185 | Orc:2    | Entered Level 2 of the Orcish Mines
 28185 | Orc:2    | Noticed Rupert
 28186 | Orc:2    | Paralysed by Rupert for 5 turns
 28197 | Orc:1    | Reached XP level 15. HP: 105/117 MP: 23/23
 28260 | Orc:1    | Killed Rupert
 28533 | Orc:2    | Found Quustraq's General Store.
 28533 | Orc:2    | Found a staircase to the Elven Halls.
 28800 | Orc:2    | Bought a potion of curing for 45 gold pieces
 28800 | Orc:2    | Bought a potion of flight for 45 gold pieces
 28967 | Orc:2    | Found a roughly hewn altar of Beogh.
 29063 | Orc:2    | Found Ethruope's Book Boutique.
 29063 | Orc:2    | Found Jafociub's Armour Shoppe.
 29065 | Orc:2    | Found Zoest's Magic Scroll Emporium.
 29067 | Orc:2    | Found Dopeell's Weapon Shop.
 29756 | Snake:1  | Entered Level 1 of the Snake Pit
 31233 | Snake:1  | Noticed a nagaraja
 31256 | Snake:1  | HP: 6/120 [anaconda (3)]
 31257 | Snake:1  | Killed from afar by a nagaraja

Illustrated notes

Levels and vault maps discovered:
D:1:      shiori_arrival_maze, layout_basic, serial_forest,
          infiniplex_forest_end_1, infiniplex_forest_clump_long,
          infiniplex_forest_straight_4, infiniplex_forest_clump_cross,
          infiniplex_forest_lined_room_, infiniplex_forest_end_double,
          infiniplex_forest_clump_small, hex_medium, tso_altar
D:2:      layout_basic, wad_orctagon
D:3:      layout_loops_ring, minmay_distorted
D:4:      layout_rooms, makhleb_altar_promises_db, first_ration,
          nicolae_ru_sacrificial_ziggurat, uniq_pikel
D:5:      layout_gridville, fedhas_altar_1, minmay_temple_entry_trees,
          lemuel_angel_altar, uniq_ijyb
D:6:      layout_cave_pools, nicolae_overflow_hidden_temple,
          minmay_manual_monolith, uniq_duvessa
D:7:      layout_basic, ashenzari_altar_1, uniq_joseph, uniq_maggie
D:8:      layout_basic, erik_lair_dragon, uniq_maurice
D:9:      layout_cave_pods, kennysheep_little_box, serial_shops, shop
D:10:     layout_basic, the_bakery, uniq_erolcha
D:11:     cheibrodos_lost_city_excavation, layout_basic, david_orc_3,
          special_room [special_room_bee], minmay_ruined_shrine
D:12:     layout_basic, gauntlet_entry_generic, lemuel_centaur_altar,
          uniq_nessos
D:13:     layout_rooms, david_vaults_2, gammafunk_ghost_nasty_kobolds,
          basic_altar, minmay_guarded_unrand_skullcrusher
Temple:   dpeg_five_rooms_temple
Lair:1:   gammafunk_lair_enchanted_lake, layout_cave_pods
Lair:2:   layout_chaotic_city, elwin_shoals_entry_stream,
          guppyfry_snake_entry_island, st_stairs_8, minmay_lair_oklob_chamber,
          uniq_nergalle
Lair:3:   layout_chaotic_city
Lair:4:   layout_misc_corridors, enter_volcano_1, minmay_lair_oklob_items,
          serial_bayou_pond_d, uniq_sonja
Lair:5:   layout_misc_corridors, minmay_slime_entry_pillars,
          beast_lair_carwin_4, grunt_megastairs_3, serial_bayou_shore_b,
          lemuel_fruit_fields
Lair:6:   grunt_lair_end_beastmaster, layout_regular_city,
          gammafunk_ghost_hydra_chop
Snake:1:  hangedman_cross_veins, layout_cave_shapes, serial_shops,
          nicolae_shop_crystal, abandoned_shop
Orc:1:    layout_diamond_mine
Orc:2:    st_orc_rangers, layout_caves, basic_altar, serial_shops,
          nicolae_shop_stone, uniq_rupert

Skill      XL: |  1  2  3  4  5  6  7  8  9 10 11 12 13 14 15 |
---------------+----------------------------------------------+-----
Throwing       | 2 |  2.0
Long Blades    | 3 4 5 6 8 10 12 13 14 16 18 | 18.0
Invocations    | 4 7 9 10 12 | 12.0
Armour         | 6 9 10 | 10.8
Fighting       | 6 9 10 11 | 11.9
Dodging        | 3 |  3.7

Action                   |  1- 3 |  4- 6 |  7- 9 | 10-12 | 13-15 || total
-------------------------+-------+-------+-------+-------+-------++-------
Melee: Long sword        |   134 |   136 |   369 |   811 |   135 ||  1585
       Kick              |       |    57 |   136 |   294 |       ||   487
       Dagger            |       |       |       |     8 |       ||     8
       Great sword       |       |       |       |       |   329 ||   329
       Triple sword      |       |       |       |       |   686 ||   686
Throw: Dart              |     1 |     1 |     4 |    25 |       ||    31
       Javelin           |       |       |       |       |     1 ||     1
Invok: Upheaval          |       |       |       |     8 |     7 ||    15
       Elemental Force   |       |       |       |     2 |     1 ||     3
Evoke: Wand              |       |       |     9 |     8 |     1 ||    18
  Use: Potion            |       |     1 |       |     4 |     7 ||    12
       Scroll            |       |       |    18 |     7 |    17 ||    42
 Stab: Distracted        |       |     1 |     4 |    10 |     9 ||    24
       Confused          |       |       |       |     3 |       ||     3
       Petrified         |       |       |       |       |     3 ||     3
  Eat: Chunk             |     5 |     7 |    15 |    21 |    31 ||    79
       Ration            |       |       |       |     2 |     6 ||     8
Armor: Leather armour    |     9 |       |       |       |       ||     9
       Scale mail        |    46 |    38 |   104 |       |       ||   188
       Chain mail        |       |       |    11 |   260 |   788 ||  1059
Dodge: Dodged            |    81 |    65 |   136 |   207 |   518 ||  1007
       Repelled          |       |       |       |     1 |    49 ||    50
Block: Other             |       |       |    66 |   240 |   490 ||   796
       Reflection        |       |       |     3 |     7 |     1 ||    11
       Rpst.: Long sword |    27 |    17 |    33 |    48 |    17 ||   142
       Great sword       |       |       |       |       |    32 ||    32
       Triple sword      |       |       |       |       |    85 ||    85
